 Dungeon Crawl Stone Soup version 0.28-a0-1199-gef9e1dbd39 (webtiles) character file.

Game seed: 10612970805355734458

1362 bande the Covered (level 8, -14/49 HPs)
             Began as a Gargoyle Fighter on Dec 20, 2021.
             Was a Follower of Okawaru.
             Killed from afar by a steam dragon (22 damage)
             ... with a ball of steam
             ... on level 6 of the Dungeon.
             The game lasted 00:14:28 (7557 turns).

bande the Covered (Gargoyle Fighter)                Turns: 7557, Time: 00:14:28

Health: -14/49     AC: 18    Str: 20    XL:     8   Next: 64%
Magic:  9/10       EV:  7    Int:  9    God:    Okawaru [*.....]
Gold:   205        SH:  5    Dex: 11    Spells: 7/7 levels left

rFire   . . .      SeeInvis .   k - +0 hand axe (flame)
rCold   . . .      Faith    .   c - +0 buckler
rNeg    + . .      Spirit   .   p - +0 chain mail
rPois   ∞          Reflect  .   (no helmet)
rElec   +          Harm     .   (no cloak)
rCorr   .          Rampage  .   (no gloves)
Will    .....                   i - +1 pair of boots
Stlth   ..........              (no amulet)
HPRegen 0.16/turn               (no ring)
MPRegen 0.12/turn               (no ring)

@: no status effects
A: sickness immunity, AC +5, negative energy resistance 1, electricity
resistance, torment resistance 1, petrification resistance
a: Renounce Religion, Heroism


You were on level 6 of the Dungeon.
You worshipped Okawaru.
Okawaru was aware of your devotion.
You visited 2 branches of the dungeon, and saw 7 of its levels.

You collected 205 gold pieces.

Inventory:

Hand Weapons
 a - a +0 war axe
 k - a +0 hand axe of flaming (weapon)
 n - a +2 morningstar
Missiles
 o - a throwing net (quivered)
Armour
 c - a +0 buckler (worn)
 i - a +1 pair of boots (worn)
 p - a +0 chain mail (worn)
Wands
 t - a wand of acid (4)
Scrolls
 h - 2 scrolls of summoning
 j - 2 scrolls of enchant armour
 m - a scroll of silence
 r - a scroll of teleportation
 u - a scroll of blinking
Potions
 b - a potion of heal wounds {unknown}
 d - 3 potions of might
 e - 4 potions of brilliance {unknown}
 f - a potion of flight {unknown}
 g - 2 potions of berserk rage {unknown}
 l - a potion of attraction {unknown}
 q - a potion of curing


   Skills:
 + Level 5.1 Fighting
 + Level 6.2 Axes
 + Level 6.4 Armour
 + Level 4.7 Shields
 * Level 2.7 Invocations
 * Level 1.7 Evocations


You had 7 spell levels left.
You didn't know any spells.
Your spell library contained the following spells:

 Spells                   Type           Power      Damage    Failure   Level
 Sandblast                Erth           0%         2d4       98%         1
 Passwall                 Tmut/Erth      0%         N/A       99%         2
 Stone Arrow              Conj/Erth      0%         3d7       100%        3


Dungeon Overview and Level Annotations

Branches:
Dungeon (6/15)             Temple (1/1) D:4

Altars:
Cheibriados
Gozag
Makhleb
Nemelex Xobeh
Okawaru

Shops:
D:3 =?


Innate Abilities, Weirdness & Mutations

You are immune to sickness and miasma.
Your stone body is resilient. (AC +5)
You are immune to poison.
You resist negative energy. (rN+)
You are resistant to electric shocks. (rElec)
You are resistant to unholy torment.
You are immune to petrification.


Message History

You kill the iguana!
Okawaru accepts your kill.
You are engulfed in a cloud of scalding steam.
The steam dragon bites you but does no damage.
The steam dragon claws you.
You hit the steam dragon but do no damage.
The steam dragon is lightly wounded.
The steam dragon breathes steam at you. The ball of steam hits you!
You hear a shout!
Unknown command.
You hit the steam dragon. You burn the steam dragon.
The steam dragon is moderately wounded.
You are engulfed in a cloud of scalding steam.
You hear a howl!
The steam dragon bites you but does no damage.
The steam dragon claws you but does no damage.
You hit the steam dragon. You burn the steam dragon.
The steam dragon is severely wounded.
You are engulfed in a cloud of scalding steam.
* * * LOW HITPOINT WARNING * * *
The steam dragon bites you but does no damage.
The steam dragon claws you but does no damage.
You hit the steam dragon but do no damage.
The steam dragon is severely wounded.
You are engulfed in a cloud of scalding steam.
* * * LOW HITPOINT WARNING * * *
The steam dragon bites you but does no damage.
You block the steam dragon's attack.
You barely miss the steam dragon.
The steam dragon is severely wounded.
You are engulfed in a cloud of scalding steam.
The steam dragon bites you.
* * * LOW HITPOINT WARNING * * *
The steam dragon claws you but does no damage.
You feel better.
You are engulfed in a cloud of scalding steam.
The steam dragon breathes steam at you. The ball of steam hits you!!
You die...

#.....###
##...#...###
#.....##...##
##......###...
##.......#
####
##........# #
##..#......#
##..#########
#@.## #†D##
#..## #..#
...# .... .###


You could see a steam dragon (catching breath).

Vanquished Creatures
  A black bear (D:6)
  A necrophage (D:5)
  A phantom (D:3)
  Blork the orc (D:4)
  A bullfrog (D:5)
  2 scorpions
  A water moccasin zombie (D:5)
  4 wights (D:2)
  A bullfrog skeleton (D:5)
  3 orc priests
  2 hounds
  2 orc wizards (D:2)
  Natasha (thrice) (D:2)
  3 iguanas
  A scorpion zombie (D:5)
  A hound zombie (D:5)
  6 adders
  6 gnolls
  2 howler monkey skeletons
  3 worms
  4 dart slugs
  12 orcs
  6 ball pythons
  7 endoplasms
  3 giant cockroaches
  7 goblins
  3 hobgoblins (D:3)
  3 jackals (D:2)
  7 kobolds
  2 quokkas
  3 bats
  2 frilled lizards
  7 rats
111 creatures vanquished.

Notes
Turn   | Place    | Note
-------+----------+-------------------------------------------
     0 | D:1      | bande the Gargoyle Fighter began the quest for the Orb.
     0 | D:1      | Reached XP level 1. HP: 14/14 MP: 1/1
   247 | D:1      | Found a faded altar of an unknown god.
   551 | D:1      | Reached XP level 2. HP: 19/19 MP: 2/2
   992 | D:1      | Reached XP level 3. HP: 23/23 MP: 3/3
  1575 | D:2      | Noticed Natasha
  1582 | D:2      | Killed Natasha
  1583 | D:2      | Reached XP level 4. HP: 23/28 MP: 4/4
  1596 | D:2      | Noticed Natasha
  1606 | D:2      | Killed Natasha
  2088 | D:2      | Noticed Natasha
  2098 | D:2      | Killed Natasha
  2099 | D:2      | Reached XP level 5. HP: 24/33 MP: 5/5
  2589 | D:3      | Found Ketin's Magic Scroll Shop.
  2668 | D:3      | Found Tujo's One-of-a-Kind Rings.
  2741 | D:3      | HP: 1/33 [orc priest/divine providence (12)]
  3083 | D:2      | Reached XP level 6. HP: 3/38 MP: 6/6
  3718 | D:2      | Reached skill level 5 in Armour
  4422 | D:2      | Reached XP level 7. HP: 36/43 MP: 7/7
  4818 | D:3      | Reached skill level 5 in Axes
  4893 | D:4      | Found a staircase to the Ecumenical Temple.
  4902 | Temple   | Entered the Ecumenical Temple
  4923 | Temple   | Became a worshipper of Warmaster Okawaru
  4976 | D:4      | Noticed Blork the orc
  4990 | D:4      | Killed Blork the orc
  5412 | D:4      | Reached skill level 1 in Invocations
  5758 | D:5      | Entered Level 5 of the Dungeon
  5980 | D:6      | Reached XP level 8. HP: 20/48 MP: 9/9
  6280 | D:6      | Reached * piety under Okawaru
  6470 | D:5      | Reached skill level 1 in Evocations
  6701 | D:5      | Reached skill level 5 in Fighting
  7052 | D:5      | Found an opulent altar of Gozag.
  7557 | D:6      | Killed from afar by a steam dragon

Illustrated notes

Levels and vault maps discovered:
D:1:      nicolae_arrival_somewhat_less_tricky_arrival, layout_basic,
          basic_ecumenical_altar
D:2:      layout_basic, amcnicky_mini_pool_small, uniq_natasha
D:3:      layout_rooms, serial_shops, nicolae_shop_waterfront,
          nicolae_shop_unique_rings, chequers_garden
D:4:      layout_rooms, lemuel_temple_firewalk_b, minmay_misc_feat_pillars,
          lightli_corner_chamber, uniq_blork_the_orc
D:5:      layout_cave_pods, mainiacjoe_overflow_tiny_flanked, serial_park,
          serial_park_tiny_pond, serial_park_fountain, serial_park_tiny_1,
          serial_park_tiny_2
D:6:      layout_cave_pods, kennysheep_potato
Temple:   minmay_crystal_snake_temple

Skill      XL: |  1  2  3  4  5  6  7  8 |
---------------+-------------------------+-----
Axes           | 2 3 4 5 6 |  6.2
Armour         | 4 5 6 |  6.4
Shields        | 4 |  4.7
Fighting       | 4 5 |  5.1
Invocations    | 1 2 |  2.7
Evocations     | 1 |  1.7

Action                   |  1- 3 |  4- 6 |  7- 9 || total
-------------------------+-------+-------+-------++-------
Melee: War axe           |    84 |   157 |       ||   241
       Hand axe          |       |    25 |   250 ||   275
  Use: Scroll            |     3 |     2 |     2 ||     7
       Potion            |       |     1 |     1 ||     2
Armor: Scale mail        |    45 |   102 |     7 ||   154
       Chain mail        |       |       |   179 ||   179
Dodge: Dodged            |    35 |    71 |    99 ||   205
Block: Buckler           |    19 |    43 |    43 ||   105

Table legend: (Time is in decaauts)
 A = Elapsed time spent in this place.
 B = Non-inter-level travel time spent in this place.
 C = Inter-level travel time spent in this place.
 D = Time resting spent in this place.
 E = Time spent auto-exploring this place.
 F = Levels seen in this place.
 G = Mean time per level.
                   A        B        C        D        E       F      G
               +--------+--------+--------+--------+--------+-----+--------+
         Total |   7697 |   7646 |     51 |   3008 |   3140 |   7 | 1099.6 |
       Dungeon |   7650 |   7599 |     51 |   3008 |   3128 |   6 | 1275.0 |
        Temple |     46 |     46 |      0 |      0 |     12 |   1 |   46.0 |
               +--------+--------+--------+--------+--------+-----+--------+

Top non-repeatable levels by time:
     D:2: 2679 daAuts
     D:1: 1542 daAuts
     D:5: 1181 daAuts
     D:4: 891 daAuts
     D:3: 732 daAuts
     D:6: 624 daAuts
  Temple: 46 daAuts
